TOP OF THE 1ST |
Lee's Summit Tigers batting - Pitching for Grim Reapers : RHP Jaime Torres
|
Pitching: RHP Jaime Torres
|
|
Batting: RHB Jesús Ramos
|
0-0: Ball 1-0: Bunt for hit - play at first, batter OUT! 1-3
|
Batting: RHB Ricardo Velásquez
|
0-0: Ball 1-0: Swinging Strike 1-1: Ground out 5-3 (Groundball, 56)
|
Batting: RHB Steve Johnson
|
0-0: Foul Ball, location: 2F 0-1: Ball 1-1: DOUBLE (Flyball, 78M)
|
Batting: LHB Glenn Williamson
|
0-0: Called Strike 0-1: Ball 1-1: Ball 2-1: Foul Ball, location: 2F 2-2: Fly out, F8 (Flyball, 89M)
|
Top of the 1st over - 0 run(s), 1 hit(s), 0 error(s), 1 left on base; Lee's Summit 0 - Grim 0 |
BOTTOM OF THE 1ST |
Grim Reapers batting - Pitching for Lee's Summit Tigers : RHP Javier Pacheco
|
Pitching: RHP Javier Pacheco
|
|
Batting: LHB Carlos De La Rosa
|
0-0: Ground out 5-3 (Groundball, 5)
|
Batting: RHB Jeremiah Ward
|
0-0: DOUBLE (Flyball, 89M)
|
Batting: LHB Jesús Rojas
|
0-0: Ball 1-0: Ball Wild Pitch! Jeremiah Ward to third 2-0: Ball 3-0: Base on Balls
|
Batting: RHB Micheal Banks
|
0-0: Called Strike 0-1: Ball 1-1: Foul Ball, location: 2F 1-2: SINGLE (Groundball, 56D) Jeremiah Ward scores Jesús Rojas to second
|
Batting: LHB Pat Carroll
|
0-0: SINGLE (Groundball, 4MD) Jesús Rojas to third Micheal Banks to second Runner from 3rd tries for Home, SAFE, throw made home Micheal Banks to third Pat Carroll to second
|
Batting: RHB Ralph Wells
|
0-0: Called Strike 0-1: Called Strike 0-2: Ball 1-2: Ball 2-2: Strikes out swinging
|
Batting: RHB Juan Ortega
|
0-0: Foul Ball, location: 2F 0-1: Fly out, F7 (Flyball, 7S)
|
Bottom of the 1st over - 2 run(s), 3 hit(s), 0 error(s), 2 left on base; Lee's Summit 0 - Grim 2 |
TOP OF THE 2ND |
Lee's Summit Tigers batting - Pitching for Grim Reapers : RHP Jaime Torres
|
Batting: RHB Stan Taylor
|
0-0: Called Strike 0-1: Ball 1-1: Ball 2-1: SINGLE (Groundball, 6D)
|
Batting: LHB Al Miller
|
0-0: Fly out, F9 (Flyball, 9LS)
|
Batting: LHB Dudley Cooper
|
0-0: Ball 1-0: Swinging Strike 1-1: Fielders Choice at 2nd, 4-6 (Groundball, 4M)
|
Batting: RHB Jorge Barbosa
|
0-0: Ball 1-0: Ball 2-0: Fielders Choice at 2nd, 5-4 (Groundball, 56)
|
Top of the 2nd over - 0 run(s), 1 hit(s), 0 error(s), 0 left on base; Lee's Summit 0 - Grim 2 |
BOTTOM OF THE 2ND |
Grim Reapers batting - Pitching for Lee's Summit Tigers : RHP Javier Pacheco
|
Batting: RHB John Jones
|
0-0: Ball 1-0: Foul Ball, location: 2F 1-1: Foul Ball, location: 2F 1-2: Fly out, F9 (Flyball, 9LS)
|
Batting: SHB Frank Grant
|
0-0: Ball 1-0: Ball 2-0: Ball 3-0: Called Strike 3-1: Base on Balls
|
Batting: LHB Carlos De La Rosa
|
0-0: Called Strike 0-1: Ground out 6-3 (Groundball, 6MD) Frank Grant to second
|
Batting: RHB Jeremiah Ward
|
0-0: Called Strike 0-1: Foul Ball, location: 2F 0-2: Foul Ball, location: 2F 0-2: Ball 1-2: Strikes out swinging
|
Bottom of the 2nd over - 0 run(s), 0 hit(s), 0 error(s), 1 left on base; Lee's Summit 0 - Grim 2 |
TOP OF THE 3RD |
Lee's Summit Tigers batting - Pitching for Grim Reapers : RHP Jaime Torres
|
Batting: RHB Valentín Saldaña
|
0-0: Ball 1-0: Swinging Strike 1-1: Ball 2-1: SINGLE (Line Drive, 78S)
|
Batting: RHB Jesús Ramos
|
0-0: Ball 1-0: Fly out, F8 (Line Drive, 8RD) Runner from 1st tags up, SAFE at 2nd
|
Batting: RHB Ricardo Velásquez
|
0-0: Called Strike 0-1: SINGLE (Line Drive, 3L) Valentín Saldaña to third Runner from 3rd tries for Home, SAFE, no throw
|
Batting: RHB Steve Johnson
|
0-0: Ball Ricardo Velásquez steals 2nd base 1-0: Swinging Strike 1-1: Ball 2-1: Called Strike 2-2: Ball 3-2: Strikes out looking
|
Batting: LHB Glenn Williamson
|
0-0: Ball 1-0: Swinging Strike 1-1: Foul Ball, location: 2F 1-2: Strikes out swinging
|
Top of the 3rd over - 1 run(s), 2 hit(s), 0 error(s), 1 left on base; Lee's Summit 1 - Grim 2 |
BOTTOM OF THE 3RD |
Grim Reapers batting - Pitching for Lee's Summit Tigers : RHP Javier Pacheco
|
Batting: LHB Jesús Rojas
|
0-0: SINGLE (Groundball, 56S) (infield hit)
|
Batting: RHB Micheal Banks
|
0-0: Ball 1-0: Foul Ball, location: 2F 1-1: Swinging Strike 1-2: Ball 2-2: Foul Ball, location: 2F 2-2: Ball 3-2: Foul Ball, location: 2F 3-2: Base on Balls Jesús Rojas to second
|
Batting: LHB Pat Carroll
|
0-0: Ball 1-0: Foul Ball, location: 2F 1-1: Called Strike 1-2: Strikes out swinging
|
Batting: RHB Ralph Wells
|
0-0: Ball 1-0: Ball 2-0: Ball 3-0: Called Strike 3-1: Called Strike 3-2: Foul Ball, location: 2F 3-2: Foul Ball, location: 2F 3-2: Base on Balls Jesús Rojas to third Micheal Banks to second
|
Batting: RHB Juan Ortega
|
0-0: Called Strike 0-1: Ball 1-1: Swinging Strike 1-2: Strikes out swinging
|
Batting: RHB John Jones
|
0-0: Foul Ball, location: 2F 0-1: Ball 1-1: Swinging Strike 1-2: Ball 2-2: Strikes out swinging
|
Bottom of the 3rd over - 0 run(s), 1 hit(s), 0 error(s), 3 left on base; Lee's Summit 1 - Grim 2 |
TOP OF THE 4TH |
Lee's Summit Tigers batting - Pitching for Grim Reapers : RHP Jaime Torres
|
Batting: RHB Stan Taylor
|
0-0: Ball 1-0: Called Strike 1-1: Ball 2-1: Swinging Strike 2-2: Fly out, F7 (Line Drive, 7)
|
Batting: LHB Al Miller
|
0-0: Ball 1-0: Foul Ball, location: 2F 1-1: Ball 2-1: Called Strike 2-2: Foul Ball, location: 2F 2-2: Strikes out swinging
|
Batting: LHB Dudley Cooper
|
0-0: Ball 1-0: Called Strike 1-1: Ball 2-1: Ball 3-1: Foul Ball, location: 2F 3-2: Foul Ball, location: 2F 3-2: Base on Balls
|
Batting: RHB Jorge Barbosa
|
0-0: Ball 1-0: Called Strike 1-1: Called Strike 1-2: Strikes out looking
|
Top of the 4th over - 0 run(s), 0 hit(s), 0 error(s), 1 left on base; Lee's Summit 1 - Grim 2 |
BOTTOM OF THE 4TH |
Grim Reapers batting - Pitching for Lee's Summit Tigers : RHP Javier Pacheco
|
Batting: SHB Frank Grant
|
0-0: Ground out U3 (Groundball, 3L)
|
Batting: LHB Carlos De La Rosa
|
0-0: Fly out, F9 (Flyball, 9)
|
Batting: RHB Jeremiah Ward
|
0-0: Ball 1-0: Called Strike 1-1: Ball 2-1: Swinging Strike 2-2: Strikes out swinging
|
Bottom of the 4th over - 0 run(s), 0 hit(s), 0 error(s), 0 left on base; Lee's Summit 1 - Grim 2 |
TOP OF THE 5TH |
Lee's Summit Tigers batting - Pitching for Grim Reapers : RHP Jaime Torres
|
Batting: RHB Valentín Saldaña
|
0-0: Swinging Strike 0-1: Ball 1-1: Ball 2-1: Bunted foul 2-2: Ball 3-2: Strikes out looking
|
Batting: RHB Jesús Ramos
|
0-0: Ball 1-0: Ball 2-0: Called Strike 2-1: Ground out 6-3 (Groundball, 6)
|
Batting: RHB Ricardo Velásquez
|
0-0: Swinging Strike 0-1: Ball 1-1: SOLO HOME RUN (Flyball, 8LXD), Distance : 423 ft
|
Batting: RHB Steve Johnson
|
0-0: Called Strike 0-1: Swinging Strike 0-2: Foul Ball, location: 2F 0-2: Ball 1-2: Ball 2-2: Ball 3-2: Strikes out swinging
|
Top of the 5th over - 1 run(s), 1 hit(s), 0 error(s), 0 left on base; Lee's Summit 2 - Grim 2 |
BOTTOM OF THE 5TH |
Grim Reapers batting - Pitching for Lee's Summit Tigers : RHP Javier Pacheco
|
Batting: LHB Jesús Rojas
|
0-0: Foul Ball, location: 2F 0-1: Foul Ball, location: 2F 0-2: Ball 1-2: Ground out U3 (Groundball, 34)
|
Batting: RHB Micheal Banks
|
0-0: Ball 1-0: Called Strike 1-1: Called Strike 1-2: Ground out 5-3 (Groundball, 5)
|
Batting: LHB Pat Carroll
|
0-0: Ball 1-0: Called Strike 1-1: Ground out 4-3 (Groundball, 4MS)
|
Bottom of the 5th over - 0 run(s), 0 hit(s), 0 error(s), 0 left on base; Lee's Summit 2 - Grim 2 |
TOP OF THE 6TH |
Lee's Summit Tigers batting - Pitching for Grim Reapers : RHP Jaime Torres
|
Batting: LHB Glenn Williamson
|
0-0: Ball 1-0: Called Strike 1-1: Ball 2-1: Swinging Strike 2-2: Strikes out swinging
|
Pitching: RHP Jeremiah Moran
|
|
Batting: RHB Stan Taylor
|
0-0: Ball 1-0: Ball 2-0: Ground out 6-3 (Groundball, 6M)
|
Batting: LHB Al Miller
|
0-0: Ball 1-0: Called Strike 1-1: Ball 2-1: Called Strike 2-2: Strikes out looking
|
Top of the 6th over - 0 run(s), 0 hit(s), 0 error(s), 0 left on base; Lee's Summit 2 - Grim 2 |
BOTTOM OF THE 6TH |
Grim Reapers batting - Pitching for Lee's Summit Tigers : RHP Javier Pacheco
|
Batting: RHB Ralph Wells
|
0-0: Called Strike 0-1: Ball 1-1: Swinging Strike 1-2: Foul Ball, location: 2F 1-2: Strikes out swinging
|
Pitching: RHP Kirby Graham
|
|
Batting: RHB Juan Ortega
|
0-0: Ground out 6-3 (Groundball, 6)
|
Batting: RHB John Jones
|
0-0: Called Strike 0-1: SINGLE (Groundball, 34) (infield hit)
|
Batting: SHB Frank Grant
|
0-0: SINGLE (Groundball, 6D) John Jones to second
|
Batting: LHB Carlos De La Rosa
|
0-0: Ball 1-0: Ball 2-0: Ground out 3-1 (Groundball, 34)
|
Bottom of the 6th over - 0 run(s), 2 hit(s), 0 error(s), 2 left on base; Lee's Summit 2 - Grim 2 |
TOP OF THE 7TH |
Lee's Summit Tigers batting - Pitching for Grim Reapers : RHP Jeremiah Moran
|
Batting: LHB Dudley Cooper
|
0-0: Called Strike 0-1: Swinging Strike 0-2: Ball 1-2: Strikes out swinging
|
Batting: RHB Jorge Barbosa
|
0-0: Called Strike 0-1: Ball 1-1: Ball 2-1: Ball 3-1: Foul Ball, location: 2F 3-2: Strikes out looking
|
Batting: RHB Valentín Saldaña
|
0-0: Ball 1-0: Swinging Strike 1-1: SINGLE (Groundball, 25) (infield hit)
|
Batting: RHB Jesús Ramos
|
0-0: Ground out 5-3 (Groundball, 56S)
|
Top of the 7th over - 0 run(s), 1 hit(s), 0 error(s), 1 left on base; Lee's Summit 2 - Grim 2 |
BOTTOM OF THE 7TH |
Grim Reapers batting - Pitching for Lee's Summit Tigers : RHP Kirby Graham
|
Batting: RHB Jeremiah Ward
|
0-0: Foul Ball, location: 2F 0-1: Ball 1-1: Ball 2-1: Called Strike 2-2: Foul Ball, location: 2F 2-2: Ball 3-2: Foul Ball, location: 2F 3-2: Strikes out swinging
|
Batting: LHB Jesús Rojas
|
0-0: Foul Ball, location: 2F 0-1: Called Strike 0-2: Ball 1-2: DOUBLE (Flyball, 78D)
|
Batting: RHB Micheal Banks
|
0-0: Ball 1-0: Called Strike 1-1: Ball 2-1: Called Strike 2-2: Ball 3-2: Base on Balls
|
Batting: LHB Pat Carroll
|
0-0: Ball 1-0: Called Strike 1-1: Foul Ball, location: 2F 1-2: Strikes out swinging
|
Batting: RHB Ralph Wells
|
Balk! Jesús Rojas to third Micheal Banks to second 0-0: Ball 1-0: Called Strike 1-1: Called Strike 1-2: Ball 2-2: Strikes out swinging
|
Bottom of the 7th over - 0 run(s), 1 hit(s), 0 error(s), 2 left on base; Lee's Summit 2 - Grim 2 |
TOP OF THE 8TH |
Lee's Summit Tigers batting - Pitching for Grim Reapers : RHP Jeremiah Moran
|
Batting: RHB Ricardo Velásquez
|
0-0: Ball 1-0: Swinging Strike 1-1: Foul Ball, location: 2F 1-2: Strikes out swinging
|
Batting: RHB Steve Johnson
|
0-0: Ball 1-0: Called Strike 1-1: Called Strike 1-2: Foul Ball, location: 2F 1-2: Ball 2-2: SINGLE (Groundball, 56S) (infield hit)
|
Batting: LHB Glenn Williamson
|
0-0: Foul Ball, location: 2F 0-1: Ball 1-1: Called Strike 1-2: Strikes out swinging
|
Batting: RHB Stan Taylor
|
0-0: Ball 1-0: Called Strike 1-1: Called Strike 1-2: Foul Ball, location: 2F 1-2: Foul Ball, location: 2F 1-2: Ball 2-2: SINGLE (Line Drive, 78S) Steve Johnson to second
|
Batting: LHB Al Miller
|
0-0: Called Strike 0-1: Ball 1-1: Ball 2-1: Ball 3-1: Base on Balls Steve Johnson to third Stan Taylor to second
|
Batting: LHB Dudley Cooper
|
0-0: Ball 1-0: Called Strike 1-1: Ball 2-1: Ground out U3 (Groundball, 34)
|
Top of the 8th over - 0 run(s), 2 hit(s), 0 error(s), 3 left on base; Lee's Summit 2 - Grim 2 |
BOTTOM OF THE 8TH |
Grim Reapers batting - Pitching for Lee's Summit Tigers : RHP Kirby Graham
|
Pinch Hitting: LHB Ramón Juárez
|
0-0: Called Strike 0-1: SINGLE (Line Drive, 8RS)
|
Batting: RHB John Jones
|
0-0: Ball 1-0: Ball 2-0: Ground out U3 (Groundball, 3S) Ramón Juárez to second
|
Pinch Hitting: LHB Simão Polido
|
0-0: Ball 1-0: Ground out 4-3 (Groundball, 4) Ramón Juárez to third
|
Batting: LHB Carlos De La Rosa
|
0-0: Called Strike 0-1: Foul Ball, location: 2F 0-2: Foul Ball, location: 2F 0-2: Ball 1-2: Strikes out swinging
|
Bottom of the 8th over - 0 run(s), 1 hit(s), 0 error(s), 1 left on base; Lee's Summit 2 - Grim 2 |
TOP OF THE 9TH |
Lee's Summit Tigers batting - Pitching for Grim Reapers : RHP Jeremiah Moran
|
Pitching: RHP Roger Coulombe
|
|
Now at 3B: Arthur Hopkins
|
|
Now at SS: Jorge García
|
|
Batting: RHB Jorge Barbosa
|
0-0: Ball 1-0: Ball 2-0: Foul Ball, location: 2F 2-1: Ball 3-1: Foul Ball, location: 2F 3-2: Hit by Pitch
|
Pinch Hitting: LHB José Guerrero
|
0-0: Called Strike 0-1: Fly out, F8 (Flyball, 8RM)
|
Batting: RHB Jesús Ramos
|
0-0: Called Strike 0-1: Swinging Strike 0-2: Strikes out swinging
|
Batting: RHB Ricardo Velásquez
|
0-0: Called Strike 0-1: Ball 1-1: Ball 2-1: Foul Ball, location: 2F 2-2: Foul Ball, location: 2F 2-2: Ball 3-2: SINGLE (Line Drive, 34D) Jorge Barbosa to second Jorge Barbosa to third
|
Batting: RHB Steve Johnson
|
0-0: Swinging Strike 0-1: Ball 1-1: Ball 2-1: Foul Ball, location: 2F 2-2: Ball 3-2: Foul Ball, location: 2F 3-2: Ground out 5-3 (Groundball, 5L)
|
Top of the 9th over - 0 run(s), 1 hit(s), 0 error(s), 2 left on base; Lee's Summit 2 - Grim 2 |
BOTTOM OF THE 9TH |
Grim Reapers batting - Pitching for Lee's Summit Tigers : RHP Kirby Graham
|
Now in CF: José Guerrero
|
|
Batting: RHB Jeremiah Ward
|
0-0: Called Strike 0-1: Foul Ball, location: 2F 0-2: Foul Ball, location: 2F 0-2: Ball 1-2: Fly out, F8 (Flyball, 8RS)
|
Pitching: RHP John Brock
|
|
Batting: LHB Jesús Rojas
|
0-0: Ball 1-0: Hit by Pitch
|
Batting: RHB Micheal Banks
|
0-0: Swinging Strike 0-1: Foul Ball, location: 2F 0-2: Ball 1-2: Fly out, F8 (Line Drive, 8LM)
|
Batting: LHB Pat Carroll
|
0-0: Hit by Pitch Jesús Rojas to second
|
Pinch Hitting: RHB Roberto Solís
|
0-0: Fly out, F9 (Flyball, 9LM)
|
Bottom of the 9th over - 0 run(s), 0 hit(s), 0 error(s), 2 left on base; Lee's Summit 2 - Grim 2 |
TOP OF THE 10TH |
Lee's Summit Tigers batting - Pitching for Grim Reapers : RHP Roger Coulombe
|
Now at C: Roberto Solís
|
|
Batting: LHB Glenn Williamson
|
0-0: Called Strike 0-1: Ball 1-1: Called Strike 1-2: Fly out, F8 (Flyball, 78S)
|
Batting: RHB Stan Taylor
|
0-0: Foul Ball, location: 2F 0-1: Foul Ball, location: 2F 0-2: Fly out, F7 (Flyball, 7)
|
Batting: LHB Al Miller
|
0-0: Foul Ball, location: 2F 0-1: Fly out, F9 (Flyball, 9)
|
Top of the 10th over - 0 run(s), 0 hit(s), 0 error(s), 0 left on base; Lee's Summit 2 - Grim 2 |
BOTTOM OF THE 10TH |
Grim Reapers batting - Pitching for Lee's Summit Tigers : RHP John Brock
|
Pinch Hitting: LHB Marcos Fontanez
|
0-0: Ball 1-0: Ball 2-0: Ball 3-0: Base on Balls
|
Batting: RHB John Jones
|
0-0: Ball 1-0: SINGLE (Groundball, 4D) Marcos Fontanez to second Throwing error, E9 Marcos Fontanez scores
|
Tuesday, August 8th, 2017 - OOTP Baseball 17.12 Build 75
|
|